 Dungeon Crawl Stone Soup version 0.21.1-1-g345015fe64 (webtiles) character file.

369 KleinerIrrer the Chopper (level 6, -1/38 HPs)
             Began as a Gargoyle Fighter on Apr 4, 2018.
             Slain by KleinerIrrer's ghost (12 damage)
             ... on level 4 of the Dungeon.
             The game lasted 00:00:32 (2647 turns).

KleinerIrrer the Chopper (Gargoyle Fighter)         Turns: 2647, Time: 00:00:33

Health: -1/38      AC: 14    Str: 22    XL:     6   Next: 70%
Magic:  6/6        EV:  6    Int:  8    God:
Gold:   92         SH:  9    Dex: 11    Spells: 5/5 levels left

rFire    + . .     SeeInvis .   Y - +2 war axe
rCold    + . .     Gourm    .   c - +0 shield
rNeg     + . .     Faith    .   q - +0 chain mail
rPois    ∞         Spirit   .   g - +0 helmet
rElec    +         Reflect  .   j - scarf {rC+ rF+}
rCorr    .         Harm     .   (no gloves)
MR       .....                  (no boots)
Stlth    ..........             l - amulet of regeneration
HPRegen  0.00/turn              (no ring)
MPRegen  0.10/turn              (no ring)

@: no status effects
A: thin skeletal structure 1, negative energy resistance 1, electricity
resistance, inhibited regeneration, unbreathing, petrification resistance, rot
immunity, AC +4
a: no special abilities


You were on level 4 of the Dungeon.
You were not hungry.

You visited 1 branch of the dungeon, and saw 4 of its levels.

You collected 148 gold pieces.
You spent 56 gold pieces at shops.


Innate Abilities, Weirdness & Mutations

You are resistant to torment.
Your stone body is resilient. (AC +4)
You are immune to poison.
You resist negative energy. (rN+)
You are resistant to electric shocks. (rElec)
You can survive without breathing.
You are immune to petrification.
You are immune to rotting.
You have a somewhat thin skeletal structure. (Dex +2, Stealth)
You do not regenerate when monsters are visible.


   Skills:
 - Level 4.0 Fighting
 - Level 5.4 Axes
 - Level 3.2 Armour
 - Level 1.3 Dodging
 + Level 3.7 Shields


You had 5 spell levels left.
You didn't know any spells.

Inventory:

Hand Weapons
 t - a +0 morningstar
 Y - a +2 war axe (weapon)
Armour
 c - a +0 shield (worn)
 g - a +0 helmet (worn)
 j - a scarf of resistance (worn)
 q - a +0 chain mail (worn)
Jewellery
 l - an amulet of regeneration (around neck)
Wands
 s - a wand of digging (4)
Scrolls
 a - 3 scrolls of remove curse
 h - a scroll of identify
 n - a scroll of fog {unknown}
 o - 2 scrolls of teleportation
 p - a scroll of immolation {unknown}
Potions
 b - a potion of brilliance {unknown}
 d - a potion of might
 e - a potion of curing
 i - a potion of haste
 k - a potion of lignification {unknown}
 m - a potion of heal wounds
 r - a potion of flight {unknown}
Comestibles
 f - 11 rations
 u - 4 chunks of flesh

Dungeon Overview and Level Annotations

Branches:
Dungeon (4/15)
 Temple: D:4-7

Altars:
Gozag
Sif Muna
The Shining One

Shops:
D:4 (

Annotations:
D:4 KleinerIrrer's ghost, novice GrFi


Message History

KleinerIrrer's ghost is moderately damaged.
KleinerIrrer's ghost hits you!
You barely miss KleinerIrrer's ghost.
KleinerIrrer's ghost is moderately damaged.
You block KleinerIrrer's ghost's attack.
KleinerIrrer's ghost hits you but does no damage.
Your shield and chain mail prevent you from hitting KleinerIrrer's ghost.
KleinerIrrer's ghost is moderately damaged.
KleinerIrrer's ghost hits you.
Your shield and chain mail prevent you from hitting KleinerIrrer's ghost.
KleinerIrrer's ghost is moderately damaged.
You block KleinerIrrer's ghost's attack.
KleinerIrrer's ghost hits you!
You slash KleinerIrrer's ghost!
KleinerIrrer's ghost is severely damaged.
KleinerIrrer's ghost hits you.
Your shield and chain mail prevent you from hitting KleinerIrrer's ghost.
KleinerIrrer's ghost is severely damaged.
KleinerIrrer's ghost hits you!
You die...

......W.....### #
..............##
.............##
...........##
#........## #.......#
####.......#
.####..W......%###
....>.!@.........#
....###....##........
. #...####.[......
#...# ###...... #..##
#...## #..# ..## #..#
..# ..## # ..


You could see KleinerIrrer's ghost.

Vanquished Creatures
  The ghost of BrokenGlass the Sneak, an amateur OpAs (D:3)
  2 orc priests (D:3)
  An iguana (D:4)
  An orc wizard (D:3)
  A worker ant (D:4)
  3 adders
  An ooze (D:1)
  A dart slug (D:2)
  2 leopard geckos
  15 orcs
  5 giant cockroaches
  7 goblins
  3 hobgoblins
  9 jackals
  5 kobolds
  A ball python (D:1)
  3 bats
  9 frilled lizards
  2 rats (D:1)
72 creatures vanquished.

Notes
Turn   | Place    | Note
-------+----------+-------------------------------------------
     0 | D:1      | KleinerIrrer the Gargoyle Fighter began the quest for the Orb.
     0 | D:1      | Reached XP level 1. HP: 14/14 MP: 1/1
     0 | D:1      | 0 ||| counter = 28
    24 | D:1      | Reached skill level 2 in Axes
    28 | D:1      | Reached XP level 2. HP: 19/19 MP: 2/2
   843 | D:1      | Reached skill level 3 in Axes
   872 | D:1      | 872 ||| UPGRADING to helmet.
   877 | D:1      | 877 ||| UPGRADING to glowing scarf.
   882 | D:1      | 882 ||| READING 2 scrolls labeled UNIENEH YKKAH.
   883 | D:1      | 883 ||| READING scroll labeled YTUIDO PAUD.
   884 | D:1      | 884 ||| READING scroll labeled DUSAXE NISMO.
   885 | D:1      | 885 ||| READING scroll labeled HECALU DYADIC.
   886 | D:1      | 886 ||| READING 2 scrolls labeled YNACROFIWI.
   889 | D:1      | 889 ||| READING scroll labeled XACUEL DUIGELINT.
   890 | D:1      | 890 ||| DRINKING 2 smoky silvery potions.
   890 | D:1      | Gained mutation: Potions are less effective at restoring your health. [potion of mutation]
   890 | D:1      | Gained mutation: You are resistant to hostile enchantments. (MR+) [potion of mutation]
   890 | D:1      | Gained mutation: You are agile. (Dex +2) [potion of mutation]
   891 | D:1      | 891 ||| DRINKING potion of mutation.
   891 | D:1      | Lost mutation: Potions are less effective at restoring your health. [potion of mutation]
   891 | D:1      | Lost mutation: You are resistant to hostile enchantments. (MR+) [potion of mutation]
   891 | D:1      | Lost mutation: You are agile. (Dex +2) [potion of mutation]
   891 | D:1      | Gained mutation: You do not regenerate when monsters are visible. [potion of mutation]
   891 | D:1      | Gained mutation: You have a somewhat thin skeletal structure. (Dex +2, Stealth) [potion of mutation]
   916 | D:2      | 916 ||| STAIRDANCE
   940 | D:2      | 940 ||| STAIRDANCE
   942 | D:1      | Reached XP level 3. HP: 23/23 MP: 3/3
   983 | D:2      | 983 ||| UPGRADING to uncursed club.
   984 | D:2      | 984 ||| SWAPPING to +1 war axe.
  1104 | D:2      | Found an opulent altar of Gozag.
  1174 | D:2      | 1174 ||| STAIRDANCE
  1226 | D:1      | 1226 ||| UPGRADING to dented cabochon amulet.
  1227 | D:1      | 1227 ||| READING 2 scrolls labeled GUMIEDDU YZUEN.
  1228 | D:1      | 1228 ||| DROPPING scroll of amnesia.
  1514 | D:3      | Reached XP level 4. HP: 27/28 MP: 4/4
  1548 | D:3      | 1548 ||| READING scroll of enchant weapon.
  1548 | D:3      | 1548 ||| ENCHANTING +1 war axe.
  1599 | D:3      | Found a deep blue altar of Sif Muna.
  1605 | D:3      | Reached skill level 4 in Axes
  1616 | D:3      | 1616 ||| STAIRDANCE
  1624 | D:2      | 1624 ||| READING scroll labeled QUODGH XEF PUA.
  1625 | D:2      | 1625 ||| READING 2 scrolls of identify.
  1625 | D:2      | 1625 ||| IDENTIFYING metallic cyan potion
  1629 | D:3      | 1629 ||| STAIRDANCE
  1646 | D:3      | 1646 ||| DROPPING +0 club.
  1647 | D:3      | 1647 ||| UPGRADING to flail.
  1648 | D:3      | 1648 ||| SWAPPING to +2 war axe.
  1698 | D:3      | Reached skill level 1 in Dodging
  1698 | D:3      | Reached XP level 5. HP: 28/32 MP: 5/5
  1808 | D:3      | Noticed BrokenGlass's ghost (amateur OpAs)
  1823 | D:3      | Killed BrokenGlass's ghost
  1823 | D:3      | Reached skill level 5 in Axes
  1823 | D:3      | Reached XP level 6. HP: 33/37 MP: 6/6
  1969 | D:3      | Found a glowing golden altar of the Shining One.
  2267 | D:3      | 2267 ||| UPGRADING to chain mail.
  2277 | D:3      | 2277 ||| DROPPING +0 scale mail.
  2278 | D:3      | 2278 ||| DRINKING 2 red potions.
  2279 | D:3      | 2279 ||| DRINKING 2 orange potions.
  2352 | D:4      | Found Cikeusch's Weapon Boutique.
  2392 | D:4      | 2392 ||| STAIRDANCE
  2400 | D:3      | 2400 ||| READING scroll labeled EKHLAU ASAMPEDUHE.
  2405 | D:4      | 2405 ||| STAIRDANCE
  2532 | D:4      | Bought a +0 morningstar for 56 gold pieces
  2535 | D:4      | 2535 ||| DROPPING +0 flail.
  2624 | D:4      | Noticed KleinerIrrer's ghost (novice GrFi)
  2647 | D:4      | Slain by KleinerIrrer's ghost

Vault maps used:
D:1:      scummos_arrival_forest, moated_statue, minmay_misc_feat_hallway,
          kennysheep_another_room
D:2:      nicolae_gozag_seed_capital
D:3:      nicolae_overflow_crystal_walls, nicolae_tso_carved_into_rock
D:4:      first_ration, serial_shops, shop, uniq_robin

Skill      XL: |  1  2  3  4  5  6 |
---------------+-------------------+-----
Axes           | 2 3 4 5 |  5.4
Dodging        | 1 |  1.3
Fighting       | 4 |  4.0
Armour         | |  3.2
Shields        | |  3.7

Action                   |  1- 3 |  4- 6 || total
-------------------------+-------+-------++-------
Melee: War axe           |   118 |   103 ||   221
  Use: Scroll            |     7 |     4 ||    11
       Potion            |     2 |     2 ||     4
  Eat: Chunk             |     2 |     4 ||     6
Armor: Scale mail        |    59 |    32 ||    91
       Chain mail        |       |    12 ||    12
Dodge: Dodged            |    49 |    18 ||    67
Block: Shield            |    69 |    36 ||   105

Table legend:
 A = Spawn XP
 B = Non-spawn XP
 C = Spawn XP percentage of total XP
 D = Spawn monster count
 E = Non-spawn monster count
 F = Spawn count percentage of total count
 G = Total turns spent on level
                    A         B        C        D         E        F      G
               +---------+---------+-------+---------+---------+-------+---------
         Total |       0 |     528 |   0.0 |       0 |      72 |   0.0 |  2647
               +---------+---------+-------+---------+---------+-------+---------
           D:1 |       0 |      38 |   0.0 |       0 |      19 |   0.0 |  1006
           D:2 |       0 |      43 |   0.0 |       0 |      18 |   0.0 |   496
           D:3 |       0 |     359 |   0.0 |       0 |      28 |   0.0 |   824
           D:4 |       0 |      88 |   0.0 |       0 |       7 |   0.0 |   321
               +---------+---------+-------+---------+---------+-------+---------
